[Event "*** Titled Tuesday Blitz"]
[Site "Chess.com"]
[Date "2018.12.04"]
[Round "10"]
[White "JonahWillow"]
[Black "chessking2151"]
[Result "1-0"]
[WhiteElo "2683"]
[BlackElo "2556"]
[TimeControl "180+2"]
[EndTime "15:25:22 PST"]
[Termination "JonahWillow won by resignation"]

1. e4 e5 2. Nf3 Nc6 3. Nc3 Nf6 4. Bb5 Nd4 5. Bc4 Nxf3+ 6. gxf3 c6 7. Rg1 g6 8. d3 d6 9. Bg5 Be7 10. Bh6 Qb6 11.
Qd2 Nh5 12. O-O-O Be6 13. Bb3 O-O-O 14. Na4 Qc7 15. Kb1 Bxb3 16. axb3 Bf8 17. Bg5 Be7 18. Bh6 d5 19. Nc3 Bb4 20. Qg5 f6 21. Qg4+ Kb8 22. Ne2 d4 23. f4 a5 24.
fxe5 fxe5 25. f4 Bd6 26. f5 Rhg8 27. Rdf1 Nf6 28. Qh4 Ne8 29. fxg6 hxg6 30. Bg5 Rc8 31. Rf2 a4 32. Nc1 a3 33. bxa3 Bxa3 34. Rgf1 Qa5 35.
Bd2 Bb4 36. Bxb4 Qxb4 37. Rf7 Nd6 38. Rd7 Nb5 39. Na2 Qa5 40. Rff7 Nc7 41. Qe7 Rge8 42.
Qb4 Qa7 43. h4 Red8 44. Rxd8 Rxd8 45. Qe7 Rc8 46. Qxe5 Qb6 47. b4 c5 48. Qxc5 Qe6 49.
Rf8 Rxf8 50. Qxf8+ Ne8 51. Qf4+ Ka7 52. Qf2 Qg4 53.
Qxd4+ b6 54. Nc3 Nc7 55. Kb2 Kb7 56. Nd5 Nxd5 57. Qxd5+ Kc7 58. Qf7+ Kb8 59. e5 Qd4+ 60. Kb3 Qxe5 61. Qxg6 Qd5+ 62. c4 Qd4 63. Qe4 Qa1 64. h5 Qb1+ 65. Kc3 Qa1+ 66. Kd2 Qb2+ 67. Ke3 Qc1+ 68.
Kd4 Qg1+ 69. Kd5 Qg8+ 70. Qe6 Qg2+ 71. Kd6 Qg3+ 72. Qe5 Qxd3+ 73. Kc6+ Ka8 74. Qe8+ Ka7 75. Qe7+ 1-0

[Event "*** Titled Tuesday Blitz"]
[Site "Chess.com"]
[Date "2018.12.04"]
[Round "10"]
[White "StanislavNovikov"]
[Black "Bryakin_Mikhail"]
[Result "1/2-1/2"]
[WhiteElo "2536"]
[BlackElo "2708"]
[TimeControl "180+2"]
[EndTime "15:25:26 PST"]
[Termination "Game drawn by repetition"]

1. e4 c6 2. d4 d5 3. Nc3 dxe4 4. Nxe4 Bf5 5. Ng3 Bg6 6. Nh3 Nf6 7. Nf4 e5 8. Nxg6 hxg6 9. dxe5 Qxd1+ 10. Kxd1 Ng4 11. Ne4 Nxe5 12. Bf4 Nbd7 13. c3 O-O-O 14. Kc2 f6 15. Rd1 Be7 16. Be2 Nc5 17. Nxc5 Bxc5 18. Bg3 g5 19. b4 Bb6 20. a4 a5 21. Rxd8+ Kxd8 22. Rb1 Kc7 23. h3 Ra8 24. Kb3 Rd8 25. Rd1 Rxd1 26.
Bxd1 Kd6 27. Be2 Kd5 28. f3 Kd6 29. Be1 Ke6 30. Bd2 Kd6 31. f4 gxf4 32. Bxf4 g5 33. Bg3 Kd5 34. b5 cxb5 35. Bxb5 Ke4 36. Bxe5 fxe5 37.
Kc2 Ke3 38. Bc4 Bc7 39. Bd5 b6 40. g3 e4 41. g4 Be5 42. c4 Bd6 43. Bc6 Bb4 44.
Bb7 Bc5 45. Bc6 Kf4 46. Kd2 e3+ 47. Ke2 Kg3 48. Bd7 Kxh3 49. Kf3 Kh2 50. Bc6 Kg1 51. Ke2 Kh2 52. Kf3 Kh3 53. Bd7 Kh2 54. Bc6 Bd4 55. Bd5 Kg1 56. Ke2 Kh2 57. Kf3 Kh3 58. Be6 Kh4 59. Bd7 Bc5 60. Be6 Kh3 61. Bd7 Kh2 62.
Bc6 Kh1 63. Bd5 Kg1 64. Ke2 Kh2 65. Kf3 Bd4 66. Bc6 Kh3 67. Bd7 Bc5 68. Be6 Kh2 69.
Bd5 Kg1 70. Ke2 Kh2 71. Kf3 Kh3 72. Be6 Bd4 73. Bd7 Kh4 74. Be6 Kh3 75. Bd7 Kh2 76. Bc6 Kh1 77. Bd5 Kg1 78. Ke2 Bc5 79. Bc6 Kh2 80. Kf3 1/2-1/2

[Event "*** Titled Tuesday Blitz"]
[Site "Chess.com"]
[Date "2018.12.04"]
[Round "10"]
[White "BasilSmash"]
[Black "LonesomeGeorge1"]
[Result "1-0"]
[WhiteElo "2387"]
[BlackElo "2414"]
[TimeControl "180+2"]
[EndTime "15:25:28 PST"]
[Termination "BasilSmash won on time"]

1. e4 e5 2. Nf3 Nc6 3. Bb5 g6 4. d4 exd4 5. Bg5 Be7 6. Bxe7 Qxe7 7. Bxc6 dxc6 8. Qxd4 Nf6 9. Nc3 Bg4 10. Nd2 c5 11. Qe3 O-O-O 12. f3 Bd7 13. O-O-O Bc6 14. Nc4 b6 15. Qf4 Rhe8 16. Rxd8+ Rxd8 17. Qe5 Re8 18. Qxe7 Rxe7 19. Rd1 h5 20. h4 Nd7 21. Nd5 Re6 22.
Nf4 Re8 23. Kd2 Bb5 24. Ne3 Ne5 25. Ke1 a5 26. Kf2 Bc6 27. Nfd5 Rf8 28. Ne7+ Kb7 29.
Nxc6 Kxc6 30. f4 Nd7 31. Kf3 Re8 32. g4 hxg4+ 33. Nxg4 Rh8 34. Kg3 a4 35. a3 b5 36.
e5 Nb6 37. Ne3 b4 38. Kg4 Rh5 39. f5 Rh8 40. Kg5 gxf5 41. Nxf5 Nc4 42. Kf6 Nxb2 43. Ra1 b3 44. Rc1 c4 45. Kxf7 Kd5 46. e6 Ke5 47. Ng7 Rxh4 48. e7 Rh8 49. Ne6 Rh7+ 50. Ng7 Rh8 51. e8=Q+ Rxe8 52. Nxe8 c5 53. Nc7 Kd4 54. Ke6 Ke3 55. cxb3 axb3 56. Nb5 Kd2 57. Rh1 c3 58. Rh2+ Kd3 59. Rh3+ Kd2 60. Nxc3 Nd3 61. Na4 b2 62. Nxb2 Nxb2 63. Kd5 c4 64. Rh2+ Kc1 65. Kc5 c3 66.
Kb4 1-0

[Event "*** Titled Tuesday Blitz"]
[Site "Chess.com"]
[Date "2018.12.04"]
[Round "10"]
[White "biostatistician"]
[Black "kasparik_garik"]
[Result "1-0"]
[WhiteElo "2476"]
[BlackElo "2497"]
[TimeControl "180+2"]
[EndTime "15:25:35 PST"]
[Termination "biostatistician won by resignation"]

1. d4 Nf6 2. Nf3 d6 3. c4 g6 4. Nc3 Bf5 5. d5 Bg7 6. Nd4 O-O 7. Nxf5 gxf5 8. Qc2 Qd7 9. g3 Na6 10. Bh3 e6 11. O-O Nc5 12. Rb1 c6 13. Rd1 cxd5 14.
cxd5 Rac8 15. Bf4 Nce4 16. Qb3 Nxc3 17. bxc3 Nxd5 18. c4 Nxf4 19. gxf4 b6 20. e3 Rc5 21.
Qd3 Rd8 22. Rd2 Qc7 23. Bf1 Bf6 24. Rbd1 Kh8 25. h3 a6 26. Kh2 b5 27. cxb5 axb5 28.
Qe2 d5 29. Qh5 b4 30. Bd3 Rg8 31. Rf1 Rg6 32. Rdd1 Qa7 33. Qe2 Rc6 34. Rb1 Bc3 35. Rb3 Rc8 36. Rg1 Rcg8 37. Rxg6 hxg6 38. a3 Kg7 39. axb4 Bf6 40. b5 Rh8 41. b6 Qa1 42.
Rb1 Qc3 43. b7 Rb8 44. Ba6 d4 45. Qd3 Qc7 46. Qd1 e5 47. Rc1 Qd6 48. Rc8 exf4 49. exd4 f3+ 50. Kh1 Bg5 51. Qxf3 Bf4 52. Rxb8 Qxb8 53.
Kg2 Bd6 54. Bc4 Qf8 55. Qd5 Bb8 56. Qd7 Kf6 57. Kf3 Kg5 58. Bxf7 Qa3+ 59. Kg2 f4 60.
Qd5+ Kf6 61. Qe6+ Kg7 62. Qxg6+ Kf8 63. Qg8+ Ke7 64. Qxb8 Kxf7 65. Qxf4+ Kg6 66. b8=Q Kh5 67. Qh8+ 1-0

[Event "*** Titled Tuesday Blitz"]
[Site "Chess.com"]
[Date "2018.12.04"]
[Round "10"]
[White "Marcus_Harvey"]
[Black "M1711"]
[Result "1-0"]
[WhiteElo "2678"]
[BlackElo "2502"]
[TimeControl "180+2"]
[EndTime "15:26:09 PST"]
[Termination "Marcus_Harvey won by checkmate"]

1. d4 Nf6 2. Nf3 g6 3. Bf4 Bg7 4. c4 O-O 5. Nc3 d5 6. e3 c5 7. dxc5 Qa5 8. Qa4 Qxc5 9. Be2 dxc4 10. Qxc4 Qxc4 11. Bxc4 Bf5 12. Nd4 Bd7 13. O-O-O Nc6 14. Nxc6 Bxc6 15. f3 Rac8 16. Bb3 Nh5 17. Bg5 e6 18.
Be7 Rfe8 19. Bb4 b6 20. Kb1 a5 21. Bd6 Bxc3 22. bxc3 a4 23. Bc2 Bb5 24. Bb4 Nf6 25.
e4 Nd7 26. Rd6 Bc6 27. Rhd1 Ne5 28. f4 Nc4 29. Rxc6 Rxc6 30. Bxa4 Rcc8 31. Bxe8 Rxe8 32.
Rd4 Ne3 33. g3 Nf1 34. Rd6 Rb8 35. Kc2 Nxh2 36. Kd3 h5 37. a4 Nf1 38. f5 Nxg3 39.
fxe6 fxe6 40. Rxe6 Kf7 41. Rc6 h4 42. Rc7+ Ke6 43.
Rh7 Nh5 44. Re7+ Kf6 45. e5+ Kg5 46. Bd6 h3 47. e6 Rd8 48. Rd7 Re8 49. e7 Nf4+ 50. Ke4 Ne6 51. Kd5 Nf4+ 52. Ke4 Ne6 53. a5 bxa5 54. Ra7 Nc5+ 55. Kd5 Nd3 56. Rxa5 Kg4 57.
Ke6 Nf4+ 58. Kf7 h2 59. Ra1 Rh8 60. c4 Ne2 61. Bxh2 Nd4 62. Be5 Rh7+ 63. Kxg6 Rxe7 64.
Bxd4 Re4 65. c5 Rxd4 66. Rc1 Rd8 67. c6 Kf4 68. c7 Rc8 69. Kf6 Ke4 70. Ke6 Rh8 71.
c8=Q Rh6+ 72. Kd7 Rh7+ 73. Kd6 Rh8 74. Qg4+ Kd3 75. Qc4+ Kd2 76. Qc3+ Ke2 77. Re1+ Kf2 78. Qe3+ Kg2 79. Rg1+ Kh2 80. Qg3# 1-0

[Event "*** Titled Tuesday Blitz"]
[Site "Chess.com"]
[Date "2018.12.04"]
[Round "10"]
[White "Hrant_ChessMood"]
[Black "gkchesstiger"]
[Result "1-0"]
[WhiteElo "2940"]
[BlackElo "2806"]
[TimeControl "180+2"]
[EndTime "15:26:10 PST"]
[Termination "Hrant_ChessMood won by resignation"]

1. d4 Nf6 2. c4 g6 3. Nc3 d5 4. Nf3 Bg7 5. h4 c6 6. cxd5 cxd5 7. Bf4 Nc6 8. e3 Bg4 9. Qb3 Na5 10. Qa4+ Bd7 11.
Bb5 Nc6 12. Ne5 a6 13. Nxc6 axb5 14. Nxd8 bxa4 15. Nxb7 Bc6 16. Nc5 Nd7 17. Nd3 e6 18. h5 Ke7 19. Rc1 Rhc8 20. Kd2 Nb6 21. Rc2 Nc4+ 22. Ke2 Bd7 23. hxg6 hxg6 24. Rh7 Bf6 25. Ne5 Bxe5 26. dxe5 Be8 27. Rh1 Rcb8 28. Rb1 Rb7 29.
Bg5+ Kd7 30. Ne4 dxe4 31. Rxc4 Ra5 32. Rxe4 Rab5 33. Rd4+ Kc7 34. Rc1+ Kb6 35. Bd8+ Ka7 36. Rxa4+ Kb8 37. b3 Rd5 38. Rd4 Rxd4 39. exd4 Bb5+ 40. Ke3 Rd7 41. Bb6 Kb7 42. Bc5 Bc6 43. f3 Rd8 44. a4 Ra8 45. Kd2 Bd5 46. Kc3 Rh8 47. b4 Ka6 48. Rg1 g5 49. Be7 Rc8+ 50. Kd3 Bb3 51. Ra1 Bc2+ 52. Kd2 Rc4 53. Bc5 Bf5 54. g4 Bg6 55. b5+ Ka5 56. b6 Ka6 57. a5 Rc2+ 58. Ke3 Rc3+ 59. Kf2 Rb3 60. Be7 Bd3 61. Bxg5 Bc4 62. Be7 Bd5 63. Bd6 Rxf3+ 64. Ke2 Rg3 65. Rb1 Bb7 66. Rf1 Rxg4 67. Bc5 Rg2+ 68. Ke3 Rg3+ 69.
Ke2 Rg2+ 70. Kd3 Rg3+ 71. Kd2 Rg2+ 72. Kc3 Rg3+ 73. Kb4 Rf3 74. Rg1 Bd5 75. Rg8 Rb3+ 76.
Ka4 Rb1 77. Rd8 Bc6+ 78. Ka3 Ra1+ 79. Kb4 Rxa5 80. Rc8 Rb5+ 81. Kc3 Bd5 82. Rc7 Rb3+ 83.
Kc2 Rg3 84. Ra7+ Kb5 85. b7 Rg8 86. Bd6 1-0

[Event "*** Titled Tuesday Blitz"]
[Site "Chess.com"]
[Date "2018.12.04"]
[Round "10"]
[White "ruvat"]
[Black "JMatias"]
[Result "1-0"]
[WhiteElo "2301"]
[BlackElo "2330"]
[TimeControl "180+2"]
[EndTime "15:26:31 PST"]
[Termination "ruvat won by checkmate"]

1. d4 d5 2. c4 e6 3. Nf3 Nf6 4. g3 dxc4 5. Bg2 a6 6. Ne5 Bb4+ 7. Nc3 c5 8. a3 Bxc3+ 9. bxc3 O-O 10. O-O Nc6 11. Bxc6 bxc6 12. dxc5 Qd5 13. Qd4 Nd7 14. Nxc4 Nxc5 15. Be3 Nb3 16. Qxd5 cxd5 17. Nb6 Rb8 18.
Rab1 Na5 19. Rb4 e5 20. Nxd5 Nc6 21. Rxb8 Nxb8 22. Rb1 Bh3 23. f3 h5 24. Kf2 Nc6 25. Rb6 Rd8 26. c4 Na5 27. Ne7+ Kf8 28. Rxa6 Nxc4 29. Nc6 Re8 30. a4 f6 31. a5 Rc8 32.
Nb4 Nb2 33. Ba7 Rc1 34. Rc6 Nd1+ 35. Ke1 Rb1 36. Kd2 Nb2 37. Nd5 Rd1+ 38. Kc2 Rxd5 39. Bc5+ Kf7 40. Kxb2 Rd2+ 41. Kc3 Rxe2 42. a6 Ra2 43. a7 Bg2 44. Rc7+ Ke6 45. Kb3 Ra6 46. Rxg7 Bxf3 47. Kc4 Ra1 48. h4 Bd5+ 49. Kb4 e4 50.
Re7+ Kf5 51. Rd7 Ke5 52. Be3 f5 53. Bf4+ Ke6 54. Rd6+ Ke7 55. Rxd5 Rxa7 56. Rxf5 Ra2 57. Rxh5 Kf6 58. Re5 Re2 59. h5 Re1 60. h6 Kg6 61.
Kc3 e3 62. Rxe3 Rc1+ 63. Kd2 Rc6 64. Ke2 Ra6 65. Kf3 Rf6 66. Kg4 Ra6 67. Rd3 Ra7 68.
Rd6+ Kh7 69. Kh5 Ra5+ 70. Bg5 Ra7 71. g4 Rb7 72. Re6 Kg8 73. Re7 Rb6 74. h7+ Kh8 75.
Re5 Kxh7 76. Bf4 Rb7 77. g5 Kg7 78. Rc5 Rb4 79. Rc7+ Kg8 80. Be5 Rb5 81. Bf6 Rb8 82. Kg6 Rf8 83. Rh7 Rxf6+ 84. gxf6 Kf8 85. Rh8# 1-0

[Event "*** Titled Tuesday Blitz"]
[Site "Chess.com"]
[Date "2018.12.04"]
[Round "10"]
[White "SanchezKelvin"]
[Black "Naruto-K"]
[Result "1/2-1/2"]
[WhiteElo "2491"]
[BlackElo "2451"]
[TimeControl "180+2"]
[EndTime "15:27:28 PST"]
[Termination "Game drawn - insufficient material"]

1. e4 e6 2. d4 d5 3. Nd2 Be7 4. Ngf3 Nf6 5. Bd3 c5 6. exd5 exd5 7. dxc5 Bxc5 8. O-O O-O 9. h3 Nc6 10. Nb3 Bb6 11. c3 Re8 12. Bg5 h6 13. Bh4 g5 14.
Bg3 Ne4 15. Nfd4 Bd7 16. Qh5 Qf6 17. h4 Ne5 18. Bxe4 dxe4 19. hxg5 hxg5 20. Qe2 Ng6 21. Rfe1 Nf4 22. Qc2 Nd3 23. Re2 Qg6 24. f3 exf3 25.
gxf3 Rxe2 26. Qxe2 Re8 27. Qd2 g4 28. f4 Bc6 29.
Rd1 Qe4 30. Qh2 Ne1 31. Rxe1 Qxe1+ 32. Bxe1 Rxe1+ 33. Kf2 Rb1 34. Ke3 Rh1 35. Qf2 Rh3+ 36. Kd2 g3 37. Qe3 Rh2+ 38. Kd3 Rh3 39. Kc4 g2 40. Qxh3 g1=Q 41. Nxc6 bxc6 42. Qc8+ Kg7 43.
Qxc6 Qf1+ 44. Kb4 Qxf4+ 45. c4 Qe5 46. Qg2+ Kf8 47. a4 Qe7+ 48. c5 Bc7 49. Qa8+ Kg7 50. Nd4 Qh4 51. Kc4 Be5 52. Qg2+ Kf8 53. Qa8+ Kg7 54.
Qd5 Qf4 55. c6 Qc1+ 56. Kb3 Qe3+ 57. Kc4 Qc1+ 58. Kb5 Bf6 59. Nf5+ Kg6 60. Nd6 Qxb2+ 61. Kc5 Qc3+ 62. Nc4 Be7+ 63. Kb5 Qb4+ 64. Ka6 Qxa4+ 65.
Na5 Qb4 66. Qd3+ f5 67. Qb5 Qd6 68. Nb7 Qc7 69. Kxa7 Bg5 70. Ka6 f4 71. Qd3+ Kh5 72. Qf3+ Kh4 73. Qh1+ Kg4 74. Qg2+ Kf5 75. Qd5+ Kg4 76.
Qd6 Qxd6 77. Nxd6 Bd8 78. Ne4 f3 79. Nd2 f2 80. Kb7 Kf4 81. Nf1 Kf3 82. Kc8 Ba5 83.
c7 Kg2 84. Ne3+ Kf3 85. Nf1 Kg2 86. Ne3+ Kf3 87. Nf1 Ke2 88. Nh2 Bxc7 89. Kxc7 f1=Q 90. Nxf1 1/2-1/2

[Event "*** Titled Tuesday Blitz"]
[Site "Chess.com"]
[Date "2018.12.04"]
[Round "10"]
[White "Parhamov"]
[Black "Thjop"]
[Result "0-1"]
[WhiteElo "2832"]
[BlackElo "2700"]
[TimeControl "180+2"]
[EndTime "15:28:02 PST"]
[Termination "Thjop won by resignation"]

1. h3 e5 2. a3 d5 3. e3 Nf6 4.
g4 g6 5. Bg2 Bg7 6. Ne2 h5 7. g5 Ne4 8. h4 O-O 9. d3 Nc5 10. b4 Ne6 11. Bb2 c6 12. c4 a5 13.
Nd2 Na6 14. Qb3 Nec7 15. O-O Bg4 16. f3 Be6 17. f4 dxc4 18. Nxc4 b5 19. fxe5 bxc4 20.
dxc4 Rb8 21. Nd4 Bd7 22. Rad1 Qe8 23. Qc3 axb4 24. axb4 Bxe5 25. Ba3 Ne6 26. b5 cxb5 27. Bxf8 Nxf8 28. Qa5 Nc5 29. cxb5 Bxb5 30. Nxb5 Rxb5 31. Qd8 Qxd8 32. Rxd8 Kg7 33. Rd5 Bg3 34. Bh3 Bxh4 35.
Rc1 Nb3 36. Rxb5 Nxc1 37. Bf1 Ne6 38. Rb1 Na2 39. Rb3 Bxg5 40. Bc4 Bxe3+ 41. Rxe3 Nb4 42.
Kf2 Nc6 43. Kf3 Ncd4+ 44. Ke4 Nf5 45. Rc3 Ng5+ 46. Ke5 f6+ 47. Kf4 h4 48. Bd5 h3 49.
Rc7+ Kh6 50. Rc6 Kg7 51. Rc7+ Kh6 52. Rc6 Kg7 53. Ra6 Nh4 54. Ra7+ Kh6 55. Ra8 Kg7 56. Rg8+ Kh7 57. Re8 Ng2+ 58. Kg3 Kg7 59. Re7+ Kh6 60. Re2 f5 61. Re7 Kh5 62. Re8 Kh6 63. Re2 f4+ 64.
Kh2 Ne3 65. Bc6 Ng4+ 66. Kh1 Kh5 67. Re8 Kh4 68. Rg8 Kg3 69. Rxg6 Nf2+ 70. Kg1 h2+ 71.
Kf1 Nh3 72. Bh1 f3 73. Rg8 Kf4 74. Rf8+ Kg3 75. Rf5 Kg4 76. Rf8 Nf4 77. Kf2 Nfh3+ 78. Ke3 Kg3 79. Rg8 Kh4 80. Rg7 f2 81. Ke2 Kg3 82.
Kf1 Kg4 83. Rg8 Kg3 84. Rf8 Nf4 85. Rg8 Nh3 86. Bb7 Kg4 87. Bg2 Kg3 88. Bh1 Kg4 89.
Ra8 Kg3 90. Ra3+ Kg4 91. Bb7 Kf4 92. Bh1 Kg4 93. Bg2 Kh4 94. Bh1 Kg4 95. Kg2 Ne4 96.
Ra4 Nf4+ 97. Kf1 Ng3+ 98. Kxf2 Nxh1+ 99. Ke3 Ng3 100. Rxf4+ Kg5 101. Rf3 Nf5+ 0-1